 Dungeon Crawl Stone Soup version 0.21-a0-127-g329daca (webtiles) character file.

2 Chiseanne the Digger (level 1, 0/14 HPs)
             Began as a Gnoll Wanderer on July 16, 2017.
             Slain by a kobold
             ... wielding a +0 dagger
              (3 damage)
             ... on level 1 of the Dungeon.
             The game lasted 00:00:35 (351 turns).

Chiseanne the Digger (Gnoll Wanderer)                Turns: 351, Time: 00:00:36

Health: 0/14       AC:  2    Str: 11    XL:     1   Next: 40%
Magic:  3/3        EV: 11    Int: 13    God:
Gold:   7          SH:  0    Dex: 12    Spells: 4/4 levels left

rFire    . . .     SeeInvis .   e - +0 dagger
rCold    . . .     Gourm    .   (no shield)
rNeg     . . .     Faith    .   d - +0 robe
rPois    .         Spirit   .   (no helmet)
rElec    .         Reflect  .   (no cloak)
rCorr    .         Harm     .   (no gloves)
MR       .....                  (no boots)
Stlth    +.........             (no amulet)
HPRegen  0.04/turn              (no ring)
MPRegen  0.08/turn              (no ring)

@: no status effects
A: short attention span, fangs 1, strong nose
a: no special abilities


You were on level 1 of the Dungeon.
You were not hungry.

You visited 1 branch of the dungeon, and saw 1 of its levels.

You collected 7 gold pieces.

Inventory:

Hand Weapons
 e - a +0 dagger (weapon)
Missiles
 h - 27 stones (quivered)
Armour
 d - a +0 robe (worn)
Potions
 c - a potion of curing
 g - a potion of haste {unknown}
 i - a potion of ambrosia {unknown}
 j - a potion of degeneration {unknown}
Books
 a - a book of Geomancy

   Spells                             Type                      Level
   a - Sandblast                      Earth                        1
   b - Passwall                       Transmutation/Earth          2
   c - Stone Arrow                    Conjuration/Earth            3
   d - Petrify                        Transmutation/Earth          4
   e - Lee's Rapid Deconstruction     Earth                        5
 b - the Grimoire of Unholy Arts

   Spells                             Type                      Level
   a - Pain                           Necromancy                   1
   b - Regeneration                   Charms/Necromancy            3
Comestibles
 f - a bread ration


   Skills:
 * Level 0.4 Fighting
   Level 3.2 Axes
 - Level 1.7 Armour
 * Level 0.4 Dodging
   Level 1.7 Shields
 * Level 2.2 Spellcasting
   Level 3.2 Transmutations
   Level 3.2 Earth Magic
   Level 1.7 Evocations


You had 4 spell levels left.
You didn't know any spells.

Dungeon Overview and Level Annotations

Branches:
Dungeon (1/15)

Altars:


Innate Abilities, Weirdness & Mutations

You have a short attention span.
You have very sharp teeth.
Your uncanny sense of smell can sniff out nearby items.


Message History

You closely miss the kobold. The kobold completely misses you.
You hit the kobold but do no damage. The kobold hits you with a dagger.
You hit the kobold but do no damage. The kobold hits you but does no damage.
You closely miss the kobold. You bite the kobold.
The kobold is moderately wounded.
The kobold hits you with a dagger.
You are too injured to fight recklessly!
You are too injured to fight recklessly!
You are too injured to fight recklessly!
You hit the kobold but do no damage.
The kobold is moderately wounded.
The kobold hits you with a dagger.
* * * LOW HITPOINT WARNING * * *
You closely miss the kobold.
The kobold is moderately wounded.
The kobold closely misses you.
You hit the kobold.
The kobold is severely wounded.
The kobold hits you with a dagger.
You die...

#.......##.## #.#
#.#.....##.# #.#
#.#..÷..##.# #.#
#.###.####.# #.. ∆
#.###.####.# ###
#..........# #
######.###### .## ..## #.#
######...### ...# #.#
#.@K.>...... #..# #.#
#.####...### #..#
#.########.#####.....
#..###.#...............###
#........######.######.#
#..##...#######.#
#..##...........#
#..##...#########
#..######


You could see a kobold.

Vanquished Creatures
  A hobgoblin (D:1)
  A bat (D:1)
  A rat (D:1)
3 creatures vanquished.

Notes
Turn   | Place    | Note
-------+----------+-------------------------------------------
     0 | D:1      | Chiseanne the Gnoll Wanderer began the quest for the Orb.
     0 | D:1      | Chiseanne set off with: a book of Geomancy, the Grimoire of Unholy Arts, a potion of curing, a +0 robe, a +0 dagger, a bread ration
     0 | D:1      | Reached XP level 1. HP: 13/13 MP: 3/3
     0 | D:1      | Identified the Grimoire of Unholy Arts
   351 | D:1      | Slain by a kobold

Vault maps used:
D:1:      dpeg_arrival_arbitrary_c, minmay_split_cup_small

Skill      XL: |  1 |
---------------+----+-----
Spellcasting   | 2 |  2.2
Fighting       | |  0.4
Axes           | |  3.2
Armour         | |  1.7
Dodging        | |  0.4
Shields        | |  1.7
Transmutations | |  3.2
Earth Magic    | |  3.2
Evocations     | |  1.7

Action                   || total
-------------------------++-------
Melee: Dagger            ||    30
       Bite              ||     7
Armor: Robe              ||    10
Dodge: Dodged            ||    21
